 Dungeon Crawl Stone Soup version 0.25.1-2-g60ff931df9 (webtiles) character file.

Game seed: 5547013397891436967

1128 DogServant the Changer (level 8, -9/44 HPs)
             Began as a Gargoyle Transmuter on Nov 10, 2020.
             Was a Follower of Okawaru.
             Shot with an arrow by a centaur (13 damage)
             ... on level 6 of the Dungeon.
             The game lasted 00:07:58 (6343 turns).

DogServant the Changer (Gargoyle Transmuter)        Turns: 6343, Time: 00:07:58

Health: -9/44      AC:  2    Str: 17    XL:     8   Next: 35%
Magic:  5/11       EV: 23    Int: 13    God:    Okawaru [*.....]
Gold:   241        SH:  0    Dex: 15    Spells: 0/11 levels left

rFire    . . .     SeeInvis .     - Unarmed
rCold    . . .     Gourm    .   (shield currently unavailable)
rNeg     + . .     Faith    .   (armour currently unavailable)
rPois    ∞         Spirit   .   (helmet currently unavailable)
rElec    .         Reflect  .   (cloak currently unavailable)
rCorr    .         Harm     .   (gloves currently unavailable)
MR       .....                  (boots currently unavailable)
Stlth    +.........             (no amulet)
HPRegen  0.14/turn              n - +4 ring of evasion
MPRegen  0.12/turn              (no ring)

@: spider-form, very slightly contaminated
A: tiny, blink, blurry vision 1, negative energy resistance 1, petrification
resistance, rot immunity, AC +5
a: End Transformation, Blink, Heroism, Renounce Religion


You were on level 6 of the Dungeon.
You worshipped Okawaru.
Okawaru was aware of your devotion.
You were hungry.
You were a venomous arachnid creature.
You visited 1 branch of the dungeon, and saw 6 of its levels.

You collected 241 gold pieces.

Inventory:

Hand Weapons
 i - a +0 whip of venom
Missiles
 a - 159 arrows
 s - 29 poisoned darts (quivered)
 t - 2 throwing nets
Armour
 b - a +0 robe (melded)
 g - a +0 buckler
 j - a +0 cloak (melded)
 r - a +0 pair of boots (melded)
Jewellery
 n - a +4 ring of evasion (left front leg)
Scrolls
 c - a scroll of fog {unknown}
 e - a scroll of enchant armour {unknown}
 f - 5 scrolls of blinking {unknown}
 h - 3 scrolls of teleportation {unknown}
 l - 7 scrolls of remove curse {unknown}
 m - a scroll of immolation {unknown}
 o - 3 scrolls of identify {unknown}
 p - a scroll of fear {unknown}
 w - a scroll of random uselessness {unknown}
 x - 2 scrolls of enchant weapon {unknown}
Potions
 k - a potion of flight {unknown}
 q - 2 potions of degeneration {unknown}
 u - 3 potions of curing {unknown}
 v - a potion of stabbing {unknown}
 z - a potion of might {unknown}
Comestibles
 d - 11 rations


   Skills:
 - Level 2.0 Fighting
 - Level 1.5 Dodging
 - Level 5.1 Unarmed Combat
 - Level 2.0 Spellcasting
 + Level 7.3 Transmutations


You couldn't memorise any spells.
You knew the following spells:

 Your Spells              Type           Power        Failure   Level  Hunger
a - Beastly Appendage     Tmut           ###...       6%          1    ##.....
b - Sticks to Snakes      Tmut           ###.....     8%          2    ###....
c - Spider Form           Tmut/Pois      ##........   36%         3    ####...
d - Blade Hands           Tmut           ###.......   56%         5    ######.

Your spell library contained the following spells:

 Spells                   Type           Power        Failure   Level  Hunger
 Ice Form                 Ice/Tmut       ##......     71%         4    #####..


Dungeon Overview and Level Annotations

Branches:
Dungeon (6/15)             Temple (0/1) D:5

Altars:
Kikubaaqudgha
Okawaru
Sif Muna
Trog
Xom

Shops:
D:4 *


Innate Abilities, Weirdness & Mutations

You are resistant to torment.
((Your stone body is resilient. (AC +5)))
You are immune to poison.
You resist negative energy. (rN+)
((You are resistant to electric shocks. (rElec)))
((You can survive without breathing.))
You are immune to petrification.
You are immune to rotting.
((You have large cloven feet.))
You can translocate small distances at will.
Scrolls take you a little longer to read.


Message History

The centaur shouts!
You bite the orc!
You kill the orc!
Okawaru accepts your kill.
The centaur wields a +0 shortbow.
The centaur shoots an arrow.
The arrow hits you.
The orc priest invokes the aid of Beogh against you.
Beogh smites you!
The centaur shoots an arrow.
The arrow hits you.
You hear a croak.
You bite the orc warrior!
The orc warrior looks as sick as possible!
The orc warrior is moderately wounded.
The centaur shoots an arrow.
The arrow hits you. The orc warrior completely misses you.
Okay, then.
The orc priest mumbles some strange prayers to Beogh against you.
Beogh smites you!
* * * LOW HITPOINT WARNING * * *
The centaur shoots an arrow.
The arrow hits you!
You die...

###############
#.............#
#.....#######.#######
###.....# #..<....#
........# #######.#
###.....########
#............#
#.#...s.>....#
#.###.#####..#
#..oo..# #
..oo.###..# ... #..#
# #..# #..# .c..
#..##


You could see an orc warrior (extremely poisoned), a centaur and an orc.

Vanquished Creatures
  Sigmund (D:2)
  A black bear (D:4)
  A phantom (D:4)
  An ogre (D:5)
  A centaur (D:5)
  A howler monkey (D:5)
  2 vampire bats (D:3)
  A centaur zombie (D:5)
  A jelly (D:5)
  A hound (D:4)
  4 orc wizards
  2 bullfrog skeletons (D:5)
  4 worker ants
  A howler monkey zombie (D:4)
  4 gnolls
  3 adders
  A shadow imp (D:5)
  An ooze (D:4)
  A worm (D:2)
  3 dart slugs
  3 leopard geckos
  5 orcs
  A bat skeleton (D:3)
  4 bat zombies (D:3)
  4 giant cockroaches
  12 goblins
  16 hobgoblins
  2 jackals (D:2)
  9 kobolds
  3 quokkas
  5 bats
  2 frilled lizards
  13 rats
114 creatures vanquished.

Notes
Turn   | Place    | Note
-------+----------+-------------------------------------------
     0 | D:1      | DogServant the Gargoyle Transmuter began the quest for the
                  | Orb.
     0 | D:1      | Reached XP level 1. HP: 12/12 MP: 3/3
    99 | D:1      | Reached XP level 2. HP: 15/16 MP: 3/5
   103 | D:1      | Reached skill level 2 in Transmutations
   185 | D:1      | Learned a level 2 spell: Sticks to Snakes
   503 | D:1      | Reached XP level 3. HP: 20/20 MP: 3/6
  1600 | D:2      | Reached XP level 4. HP: 25/25 MP: 5/7
  2069 | D:2      | Noticed Sigmund
  2086 | D:2      | Killed Sigmund
  2086 | D:2      | Reached skill level 5 in Unarmed Combat
  2086 | D:2      | Reached skill level 3 in Transmutations
  2086 | D:2      | Reached XP level 5. HP: 12/29 MP: 3/8
  2086 | D:2      | Reached XP level 6. HP: 14/34 MP: 3/9
  2271 | D:2      | Learned a level 3 spell: Spider Form
  3105 | D:3      | Found an ancient bone altar of Kikubaaqudgha.
  3115 | D:3      | Reached skill level 4 in Transmutations
  3177 | D:3      | Found a shimmering altar of Xom.
  3177 | D:3      | Found a shimmering altar of Xom.
  3177 | D:3      | Found a shimmering altar of Xom.
  3177 | D:3      | Found a shimmering altar of Xom.
  3177 | D:3      | Found a shimmering altar of Xom.
  3187 | D:3      | Found a shimmering altar of Xom.
  3187 | D:3      | Found a shimmering altar of Xom.
  3247 | D:4      | Found Puffyl's General Store.
  3514 | D:3      | Reached XP level 7. HP: 13/40 MP: 10/10
  3825 | D:4      | Reached skill level 5 in Transmutations
  3926 | D:4      | Found an iron altar of Okawaru.
  4092 | D:4      | Became a worshipper of Warmaster Okawaru
  4166 | D:4      | Gained mutation: Scrolls take you a little longer to read.
                  | [potion of mutation]
  4166 | D:4      | Gained mutation: You have large cloven feet. [potion of
                  | mutation]
  4166 | D:4      | Gained mutation: You can translocate small distances at
                  | will. [potion of mutation]
  4910 | D:4      | Reached skill level 6 in Transmutations
  5262 | D:5      | Entered Level 5 of the Dungeon
  5269 | D:5      | Found a bloodstained altar of Trog.
  5373 | D:5      | Reached * piety under Okawaru
  5373 | D:5      | Reached XP level 8. HP: 39/44 MP: 11/11
  5809 | D:5      | Reached skill level 7 in Transmutations
  5881 | D:5      | Found a staircase to the Ecumenical Temple.
  5928 | D:5      | Found a shimmering blue altar of Sif Muna.
  6207 | D:5      | Learned a level 5 spell: Blade Hands
  6343 | D:6      | Shot with an arrow by a centaur

Illustrated notes

Levels and vault maps discovered:
D:1:      saegor_arrival_simple_c, layout_basic, st_stairs_12
D:2:      layout_loops_corners, uniq_sigmund
D:3:      layout_basic, xom_redecorated, kennysheep_vampire_church, first_ration
D:4:      layout_cave_pods, lemuel_doored_altar, serial_shops,
          nicolae_shop_statue_plus
D:5:      layout_loops_ring, lemuel_round_altar, minmay_temple_entry_tees,
          basic_altar, hangedman_decor_points
D:6:      layout_loops_ring, ebering_ghost_sewer_d, uniq_duvessa

Skill      XL: |  1  2  3  4  5  6  7  8 |
---------------+-------------------------+-----
Transmutations | 2 3 4 6 7 |  7.3
Unarmed Combat | 5 |  5.1
Fighting       | 2 |  2.0
Dodging        | |  1.5
Spellcasting   | |  2.0

Action                   |  1- 3 |  4- 6 |  7- 9 || total
-------------------------+-------+-------+-------++-------
Melee: Unarmed           |   127 |   168 |   144 ||   439
       Kick              |    13 |     5 |       ||    18
       Headbutt          |     4 |    14 |    14 ||    32
       Punch             |       |     4 |     5 ||     9
 Cast: Beastly Appendage |    20 |    25 |    11 ||    56
       Sticks to Snakes  |       |     2 |     1 ||     3
       Spider Form       |       |       |     1 ||     1
  Use: Potion            |       |       |     3 ||     3
 Stab: Sleeping          |       |     1 |       ||     1
  Eat: Chunk             |     3 |     7 |     5 ||    15
       Ration            |       |       |     1 ||     1
Armor: Robe              |    32 |    48 |    47 ||   127
Dodge: Dodged            |    77 |   186 |   145 ||   408
